 Dungeon Crawl Stone Soup version 0.17.0-28-g6e173f8 (webtiles) character file.

51 PossumBlood the Skirmisher (level 3, 0/31 HPs)
             Began as a Centaur Fighter on Nov 26, 2015.
             Killed from afar by an orc wizard (3 damage)
             ... with a magic dart
             ... on level 3 of the Dungeon.
             The game lasted 00:05:23 (1638 turns).

PossumBlood the Skirmisher (Centaur Fighter)        Turns: 1638, Time: 00:05:23

Health: 0/31       AC:  6    Str: 27    XL:     3   Next: 58%
Magic:  3/3        EV:  5    Int:  7    God:
Gold:   93         SH:  0    Dex:  8    Spells: 0 memorised, 2 levels left

rFire  + . .     SeeInvis .     a - +0 long sword
rCold  x . .     Clarity  .     b - +0 scale mail
rNeg   . . .     SustAt   .     c - +0 shield
rPois  .         Gourm    .     (no helmet)
rElec  .         Spirit   .     (no cloak)
rCorr  .         Warding  .     (no gloves)
rMut   .         Stasis   .     (no barding)
MR     .....                    (no amulet)
Stlth  ..........               p - ring of fire
                                k - +3 ring of strength

@: confused, mighty, very quick, not resistant to hostile enchantments,
extremely unstealthy
A: hooves 3, deformed body, speed 2, tough skin 3
a: no special abilities


You were on level 3 of the Dungeon.
You were very hungry.

You visited 1 branch of the dungeon, and saw 3 of its levels.

You collected 93 gold pieces.

Inventory:

Hand Weapons
 a - a +0 long sword (weapon)
 s - a +1 short sword
Armour
 b - a +0 scale mail (worn)
 c - a +0 shield (worn)
Jewellery
 k - a +3 ring of strength (left hand)
 p - a ring of fire (right hand)
Scrolls
 f - 3 scrolls of remove curse
 o - 2 scrolls of identify
Potions
 d - a potion of might
 n - a potion of poison
Miscellaneous
 q - a plain deck of changes
Comestibles
 e - 3 bread rations
 g - a meat ration
 m - 2 beef jerkies


   Skills:
 + Level 3.3 Fighting
 + Level 2.1 Long Blades
 + Level 2.6 Armour
 + Level 0.3 Dodging
 + Level 2.5 Shields


You had 2 spell levels left.
You didn't know any spells.

Dungeon Overview and Level Annotations

Branches:
Dungeon (3/15)

Altars:
Cheibriados
Nemelex Xobeh
The Shining One


Innate Abilities, Weirdness & Mutations

You have hooves in place of feet.
Armour fits poorly on your strangely shaped body.
You cover ground very quickly.
You have extremely tough skin (AC +3).


Message History

You hear some strange, mumbled words.
You are more confused.
Your surroundings suddenly seem different.
You are more confused.
You start resting.
You are more confused.
Something hits you but does no damage.
You bump into the rock wall.
You hear some strange, mumbled words.
You are more confused.
You're too confused to move!
You're too confused to move!
You're too confused to move!
You're too confused to move!
The orc wizard casts a spell at you.
You are more confused.
You bump into the rock wall.
The orc wizard casts a spell at you. The magic dart hits you!
You die...

**,,..* #........# ##.....##
***..###..>.....#########...###
*#..[#........##..##..##.##.#
*#..#........#.............#
******#..........#....##.......#
,,,,*##..........{....####..####
,,,,##....)......#....####.##
,,,,#..#..)....####o.###...#
#***#...........@.o.####.###
#####.......#.########.(.#
##.......##...########(###
#..#......#.....##...#.#
.......##.##....##...#)#
.##...###.####.........# .#..###
#.##...........#
##.######............#.# ###
...###........#......#.# ##.#


You could see 2 orc wizards.

Vanquished Creatures
  An ooze (D:3)
  A worm (D:3)
  2 giant geckos (D:3)
  2 orcs (D:3)
  3 hobgoblins
  A quokka (D:3)
  2 ball pythons (D:3)
  5 bats
  2 giant cockroaches
  2 giant newts
  5 goblins
  5 jackals
  4 kobolds
  5 rats
40 creatures vanquished.

Notes
Turn   | Place    | Note
--------------------------------------------------------------
     0 | D:1      | PossumBlood the Centaur Fighter began the quest for the Orb.
     0 | D:1      | Reached XP level 1. HP: 19/19 MP: 1/1
   318 | D:1      | Reached XP level 2. HP: 26/26 MP: 2/2
  1012 | D:2      | Found a sparkling altar of Nemelex Xobeh.
  1305 | D:3      | Found a snail-covered altar of Cheibriados.
  1350 | D:3      | Found a glowing golden altar of the Shining One.
  1405 | D:3      | Reached XP level 3. HP: 31/31 MP: 3/3
  1638 | D:3      | Killed from afar by an orc wizard

Action                   || total
-------------------------++-------
Melee: Long sword        ||   110
  Use: Scroll            ||     9
       Potion            ||     5
